 Dungeon Crawl Stone Soup version 0.22.0 (webtiles) character file.

1392364 Flugkiller the Sorcerer (level 27, 85/178 HPs)
             Began as a Kobold Venom Mage on Aug 12, 2018.
             Was the Champion of Ashenzari.
             Escaped with the Orb
             ... and 3 runes!
             The game lasted 04:57:59 (94302 turns).

Flugkiller the Sorcerer (Kobold Venom Mage)        Turns: 94302, Time: 04:57:59

Health: 85/178     AC: 18    Str: 12      XL:     27
Magic:  45/48      EV: 27    Int: 21 (23) God:    Ashenzari [******]
Gold:   1623       SH:  0    Dex: 19      Spells: 29/69 levels left

rFire    + . .     SeeInvis +   Q - staff of conjuration (curse)
rCold    + . .     Gourm    .   (shield currently unavailable)
rNeg     . . .     Faith    .   U - +6 fire dragon scales (curse)
rPois    +         Spirit   .   (helmet restricted)
rElec    +         Reflect  .   V - scarf {repulsion} (curse)
rCorr    .         Harm     .   P - +0 pair of gloves {archery} (curse)
MR       +++++     Clarity  +   (boots unavailable) Stlth ..........Rnd*Tele +
                                n - amulet "Wase" {RegenMP rPois Str+6} (curse)
HPRegen  0.79/turn              o - ring "Padghiga" {Ice rElec Dex+5} (curse)
MPRegen  0.56/turn              T - ring of the Solstice {+Blink rC+ MR+++ Dex-3 Stlth-} (curse)

@: hasted, repel missiles, very quick
A: small, antennae 1, talons 3, see invisible, carnivore, [deformed body],
regeneration 1, [teleportitis 2], [weak 2], evolution 1
0: Orb of Zot
}: 3/15 runes: decaying, serpentine, slimy
a: Curse Item, Scrying, Transfer Knowledge, Renounce Religion, Evoke Blink


You escaped.
You worshipped Ashenzari.
Ashenzari was exalted by your worship.
You were not hungry.

You visited 9 branches of the dungeon, and saw 49 of its levels.
You also visited: Ice Cave.

You collected 4665 gold pieces.
You spent 3042 gold pieces at shops.

Inventory:

Hand Weapons
 m - a +2 hand crossbow
 I - a +3 dagger of draining
Missiles
 j - 1443 bolts
Armour
 e - a cursed +0 pair of boots
 F - the cursed +0 pair of boots "Zafiytt" {*Corrode rC+ Dex+2 Stlth+}
   (You found it on level 7 of the Dungeon)

   It affects your dexterity (+2).
   It protects you from cold.
   It may corrode you when you take damage.
   It makes you more stealthy.
   It has a curse placed upon it.
 O - a cursed +2 helmet of see invisible
 P - a cursed +0 pair of gloves of archery (worn)
 U - cursed +6 fire dragon scales (worn)
 V - a cursed scarf of repulsion (worn)
Magical Staves
 Q - a cursed staff of conjuration (weapon)
 R - an uncursed staff of earth
Jewellery
 n - the cursed amulet "Wase" (around neck) {RegenMP rPois Str+6}
   (You found it on level 12 of the Dungeon)

   [amulet of magic regeneration]

   It increases your magic regeneration.
   It affects your strength (+6).
   It protects you from poison.
   It has a curse placed upon it.
 o - the cursed ring "Padghiga" (left hand) {Ice rElec Dex+5}
   (You found it on level 3 of the Swamp)

   [ring of ice]

   It enhances your ice magic.
   It affects your dexterity (+5).
   It makes you vulnerable to fire.
   It protects you from cold.
   It insulates you from electricity.
   It has a curse placed upon it.
 T - the cursed ring of the Solstice (right hand) {+Blink rC+ MR+++ Dex-3 Stlth-}
   (You found it on level 3 of the Swamp)

   [ring of protection from cold]

   It affects your dexterity (-3).
   It protects you from cold.
   It affects your resistance to hostile enchantments.
   It lets you blink.
   It makes you less stealthy.
   It has a curse placed upon it.
Wands
 f - a wand of paralysis (4)
 t - a wand of digging (8)
 H - a wand of iceblast (9)
 L - a wand of enslavement (63)
 M - a wand of flame (152)
 S - a wand of disintegration (58)
 X - a wand of scattershot (5)
Scrolls
 a - 2 scrolls of teleportation
 b - 4 scrolls of magic mapping
 g - 10 scrolls of remove curse
 h - a scroll of summoning
 l - 9 scrolls of amnesia
 r - 12 scrolls of identify
 u - 4 scrolls of fog
 v - 5 scrolls of blinking
 w - 8 scrolls of fear
 y - a scroll of enchant armour
Potions
 d - 7 potions of might
 i - 6 potions of berserk rage
 k - a potion of magic
 p - 5 potions of ambrosia
 q - 9 potions of curing
 s - a potion of mutation
 x - 2 potions of cancellation
 A - 9 potions of heal wounds
 B - a potion of haste
 D - 3 potions of flight
 G - 8 potions of agility
 J - 3 potions of brilliance
 N - 7 potions of invisibility
Miscellaneous
 E - a lamp of fire
 Y - a phial of floods
Comestibles
 c - 11 rations


   Skills:
 - Level 19.6 Fighting
 - Level 10.0 Short Blades
 - Level 10.0 Crossbows
 - Level 16.5(19.0) Armour
 - Level 20.3(22.5) Dodging
 - Level 2.6 Stealth
 + Level 21.5(24.9) Spellcasting
 - Level 12.9(17.0) Conjurations
 - Level 5.5(10.0) Necromancy
 - Level 1.6(4.6) Translocations
 - Level 2.0(5.3) Air Magic
 - Level 10.7(15.0) Earth Magic
 - Level 9.7(14.0) Poison Magic
 - Level 4.6(9.0) Evocations


You had 29 spell levels left.
You knew the following spells:

 Your Spells              Type           Power        Failure   Level  Hunger
a - Sting                 Conj/Pois      ####         0%          1    None
b - Poisonous Vapours     Pois/Air       ######       1%          2    None
c - Mephitic Cloud        Conj/Pois/Air  #######.     1%          3    None
d - Olgreb's Toxic Radia  Pois           ######..     1%          4    None
e - Venom Bolt            Conj/Pois      #######...   1%          5    None
f - Borgnjor's Vile Clut  Necr/Erth      ######....   1%          5    None
g - Stone Arrow           Conj/Erth      ######       1%          3    None
h - Poison Arrow          Conj/Pois      #######...   1%          6    ##.....
i - Iron Shot             Conj/Erth      #######...   1%          6    ##.....
j - Passwall              Tmut/Erth      ######..     1%          2    None
q - Apportation           Tloc           #####.       1%          1    None
r - Blink                 Tloc           N/A          1%          2    None

Your spell library contained the following spells:

 Spells                   Type           Power        Failure   Level  Hunger
 Cause Fear               Hex            ####......   34%         4    None
 Magic Dart               Conj           ####         0%          1    None
 Fireball                 Conj/Fire      #######...   3%          5    None
 Conjure Flame            Conj/Fire      #######.     1%          3    None
 Bolt of Fire             Conj/Fire      #######...   19%         6    ##.....
 Bolt of Cold             Conj/Ice       #######...   19%         6    ##.....
 Lightning Bolt           Conj/Air       #######...   1%          5    None
 Slow                     Hex            ####....     5%          2    None
 Confuse                  Hex            ####....     11%         3    None
 Throw Frost              Conj/Ice       ######       1%          2    None
 Freezing Cloud           Conj/Ice/Air   #######...   30%         6    ##.....
 Ring of Flames           Chrm/Fire      ####......   100%        7    ####...
 Teleport Other           Tloc           #####...     1%          3    None
 Summon Small Mammal      Summ           ####         3%          1    None
 Lehudib's Crystal Spear  Conj/Erth      #######...   38%         8    ######.
 Fire Storm               Conj/Fire      #######...   100%        9    #######
 Animate Dead             Necr           N/A          1%          4    None
 Animate Skeleton         Necr           N/A          1%          1    None
 Freeze                   Ice            ####         3%          1    None
 Ozocubu's Refrigeration  Ice            #####.....   99%         6    ##.....
 Summon Ice Beast         Ice/Summ       #####...     34%         4    None
 Ozocubu's Armour         Chrm/Ice       #####...     11%         3    None
 Call Imp                 Summ           ####....     5%          2    None
 Sublimation of Blood     Necr           ######....   1%          2    None
 Shock                    Conj/Air       ####         1%          1    None
 Swiftness                Chrm/Air       #####...     1%          2    None
 Recall                   Summ/Tloc      N/A          4%          3    None
 Statue Form              Tmut/Erth      ######...    28%         6    ##.....
 Dragon Form              Tmut           ####......   100%        7    ####...
 Death Channel            Necr           ######....   12%         6    ##.....
 Deflect Missiles         Chrm/Air       #####.....   90%         6    ##.....
 Throw Icicle             Conj/Ice       #######.     1%          4    None
 Glaciate                 Conj/Ice       #######...   100%        9    #######
 Airstrike                Air            #####.....   5%          4    None
 Confusing Touch          Hex            ####..       3%          1    None
 Flame Tongue             Conj/Fire      #####        1%          1    None
 Ignite Poison            Fire/Tmut/Pois #####...     1%          3    None
 Sticks to Snakes         Tmut           ####....     5%          2    None
 Ensorcelled Hibernation  Hex/Ice        #####.       5%          2    None
 Metabolic Englaciation   Hex/Ice        #####.....   67%         5    None
 Silence                  Hex/Air        #####.....   36%         5    None
 Shatter                  Erth           ######....   100%        9    #######
 Static Discharge         Conj/Air       #######.     1%          3    None
 Corona                   Hex            ####...      3%          1    None
 Alistair's Intoxication  Tmut/Pois      ######..     6%          5    None
 Lee's Rapid Deconstruct  Erth           ######....   1%          5    None
 Sandblast                Erth           ######       0%          1    None
 Simulacrum               Ice/Necr       ######....   61%         6    ##.....
 Chain Lightning          Conj/Air       #######...   97%         8    ######.
 Excruciating Wounds      Chrm/Necr      #####.....   14%         5    None
 Portal Projectile        Hex/Tloc       #####.       4%          3    None
 Petrify                  Tmut/Erth      ######..     1%          4    None
 Passage of Golubria      Tloc           N/A          7%          4    None
 Leda's Liquefaction      Hex/Erth       ######....   1%          4    None
 Inner Flame              Hex/Fire       ####....     11%         3    None
 Force Lance              Conj/Tloc      #######.     1%          4    None
 Song of Slaying          Chrm           ####....     5%          2    None
 Discord                  Hex            ####......   100%        8    ######.
 Dragon's Call            Summ           ####......   100%        9    #######
 Irradiate                Conj/Tmut      #######...   3%          5    None
 Gell's Gravitas          Tloc           #####.....   1%          3    None
 Yara's Violent Unravell  Hex/Tmut       ####......   67%         5    None
 Ignition                 Fire           ####......   100%        8    ######.


Dungeon Overview and Level Annotations

Branches:
Dungeon (15/15)            Temple (0/1) D:5            Lair (6/6) D:8
  Swamp (4/4) Lair:2        Snake (4/4) Lair:3        Slime (5/5) Lair:6
    Orc (2/2) D:9             Elf (0/3) Orc:2        Vaults (3/5) D:13
 Depths (5/5) D:15            Zot (5/5) Depths:5
  Crypt: Vaults:2-3

Altars:
Ashenzari
Fedhas
Hepliaklqana
Makhleb
Nemelex Xobeh
Okawaru
Sif Muna
Wu Jian
Beogh
Jiyva
Lugonu

Shops:
D:5 **(   D:8 !   D:11 !*   D:15 :*[((   Orc:2 ([([   Snake:4 :   Vaults:1 ??:

Portals:
Hell: Depths:1 Depths:2 Depths:3 Depths:4 Depths:5
Abyss: Depths:2 Depths:4
Pandemonium: Depths:2 Depths:3 Depths:5
Ziggurat: Depths:5
Trove: D:10 (give 13 potions of heal wounds)

Annotations:
Lair:1 exclusion: oklob plant
Vaults:1 3 runed doors, Luyjis's ghost, master GrGl
Vaults:3 Mennas
Depths:2 2 transporters, 2 runed doors, wont's ghost, veteran FoWr
Depths:3 exclusion: downstairs
Depths:4 exclusion: orange crystal statue
Zot:2 exclusion: upstairs


Innate Abilities, Weirdness & Mutations

You are small and have problems with some larger weapons.
You are carnivorous and can eat meat at any time.
You have a pair of small antennae on your head.
You have claws for feet.
You have supernaturally acute eyesight. (SInv)
Your natural rate of healing is unusually fast.
You evolve.
[Armour fits poorly on your strangely shaped body.]
[You are sometimes teleported next to monsters.]
[You are very weak. (Str -4)]


Message History

Unknown command.
Okay, then.
Casting: Blink (safe; 1% risk of failure)
Confirm with . or Enter, or press ? or * to list all spells.
You blink.
You feel yourself slow down.
Qief gestures.
Unknown command.
Enter note: Thanks pan lord
Okay, then.
You feel yourself speed up.
Qief blinks!
Unknown command.
Evoke which item? (* to show all) (? for menu, Esc to quit)
Aiming: Dig
Press: ? - help, Shift-Dir - straight line A rock wall.
This square is covered in magical glow.
The rock shatters into small pieces.
There is a staircase leading out of the dungeon here.
You have escaped!

..####.#####..# #.#
##.......... .##
#........# #.#
#&######### .# #######.##
#.# #.# .#
########.#####.# #.#
.####..............####&#
......#####..#.......#..#
.####.## #..#######..#(#
.......# #..#.26..#&##(#
# #####.##
#..#..@....##.# ###
.####.# ##.#6....#.##.#
###§§ ......#
#.#...6.#(##.# ###§§§§
.######
#.##'''##.##.###..§§§# ##
#.........##......§§§#
#######
#..........(..1##.#.##
>.....#
############......#...
#####.# ######.#... # #.#
#.....


You could see Qief, a monstrous demonspawn (wandering), a blizzard demon
(wandering), a monstrous blood saint and a gelid demonspawn (wandering).

Vanquished Creatures
  the Royal Jelly (Slime:5)
  5 ancient liches (Zot:5)
  2 orbs of fire
  Sojobo (Depths:3)
  2 Killer Klowns (Zot:5)
  Saint Roka (D:15)
  Vashnia (Snake:3)
  the Lernaean hydra (Swamp:4)
  Xtahua (Depths:4)
  6 golden dragons
  A curse toe (Zot:5)
  Nikola (Depths:2)
  A bone dragon (Depths:5)
  2 liches
  2 electric golems (Zot:5)
  25 Orb Guardians
  9 tentacled monstrosities
  Asterion (Vaults:1)
  3 quicksilver dragons
  12 acid blobs
  2 death cobs
  2 thorn hunters (Swamp:4)
  3 sphinxes
  Kirke (D:14)
  4 storm dragons
  4 shadow dragons
  Roxanne (D:15)
  16 azure jellies
  6 nagarajas (Snake:4)
  A draconian monk (Zot:5)
  4 tengu reavers
  3 fire giants
  Louise (Snake:4)
  5 vault wardens
  11 frost giants
  A ghost moth (Zot:2)
  An iron dragon (Depths:2)
  A cacodemon (Depths:3)
  A draconian knight (Zot:1)
  A juggernaut zombie (Depths:1)
  4 draconian scorchers
  3 draconian shifters
  4 ironheart preservers
  11 stone giants
  4 draconian annihilators
  23 very ugly things
  A war gargoyle (Vaults:2)
  5 green draconians
  An entropy weaver (Vaults:1)
  A vampire knight (Depths:1)
  6 white draconians
  7 black draconians
  6 yellow draconians
  6 red draconians
  Azrael (Snake:3)
  10 spark wasps
  6 purple draconians
  An eidolon (Vaults:3)
  9 death oozes
  4 crystal guardians (Depths:4)
  2 ettins
  A merfolk impaler (Depths:2)
  The ghost of Naurics the Basher, a journeyman HuSk of Okawaru (Lair:2)
  3 deep elf death magi
  9 yaktaur captains
  10 great orbs of eyes
  A quicksilver dragon zombie (Depths:1)
  12 fire dragons
  A deep elf high priest (Depths:3)
  10 vault guards
  16 naga warriors
  6 ice dragons
  5 rakshasas
  Fannar (D:10)
  4 ghost crabs
  5 spriggan air magi
  20 hydras
  9 anacondas
  12 alligators
  4 centaur warriors
  22 two-headed ogres
  6 deep troll shamans
  A vampire mage (Vaults:3)
  Urug (Lair:4)
  9 ogre magi
  5 spriggan berserkers
  12 naga sharpshooters
  2 tengu warriors
  5 orc high priests
  8 deep troll earth magi
  2 deep elf knights
  A salamander mystic (Depths:4)
  A fire crab (Lair:5)
  A soul eater (Depths:4)
  2 iron trolls (Depths:5)
  5 shock serpents
  4 unseen horrors
  9 hell knights
  4 shambling mangroves
  7 glowing orange brains
  3 spriggan druids
  A flayed ghost (Vaults:3)
  20 deep trolls
  A golden dragon skeleton (Depths:1)
  A death drake (shapeshifter) (Depths:2)
  12 swamp dragons
  3 naga ritualists
  3 deep elf archers
  2 phantasmal warriors (Depths:1)
  12 ironbrand convokers
  16 orc knights
  4 wizards
  A sphinx zombie (Depths:1)
  A manticore (D:11)
  6 necromancers
  A salamander (shapeshifter) (Vaults:2)
  8 mana vipers
  A frost giant zombie (Depths:1)
  5 deep elf magi
  31 ugly things
  5 shining eyes
  A shadow dragon skeleton (Depths:1)
  An oklob plant (Lair:6)
  A sphinx skeleton (Depths:1)
  3 wolf spiders
  13 salamanders
  6 cyclopes
  8 orc sorcerers
  6 elephants
  An ice statue (IceCv)
  A moth of wrath (shapeshifter) (Depths:5)
  14 moths of wrath
  5 vault sentinels
  3 guardian serpents
  2 eyes of devastation
  23 black mambas
  An orange demon (Depths:3)
  A rust devil (Depths:3)
  A gargoyle (D:12)
  2 torpor snails (shapeshifter)
  2 yaktaur zombies (Depths:1)
  15 naga magi
  5 centaur skeletons
  31 spiny frogs
  6 rime drakes
  4 freezing wraiths
  2 efreet (D:14)
  39 yaktaurs
  9 komodo dragons
  2 red devils
  2 tengu conjurers
  A jumping spider (shapeshifter) (Vaults:1)
  15 polar bears
  A tyrant leech (shapeshifter) (Depths:4)
  Prince Ribbit (D:8)
  10 tyrant leeches
  22 hornets
  22 blink frogs
  6 bog bodies
  12 hippogriffs
  A raiju (shapeshifter) (Vaults:2)
  81 slime creatures
  A stone giant simulacrum (Depths:1)
  An ettin skeleton (Depths:1)
  11 spriggans
  A vampire (D:10)
  A redback (Vaults:1)
  67 yaks
  10 water elementals
  5 fire elementals (Snake:3)
  A yak (shapeshifter) (Vaults:2)
  3 shadows
  3 wraiths
  5 wyverns
  A deep troll skeleton (Depths:1)
  26 vampire mosquitoes
  2 basilisks
  6 hogs (D:14)
  2 hungry ghosts
  Grum (D:9)
  6 golden eyes (Slime:5)
  A golden eye (shapeshifter) (D:15)
  A chaos spawn (D:15)
  2 steam dragons
  7 wargs
  A human zombie (Depths:1)
  21 swamp worms
  A harpy simulacrum (D:15)
  2 soldier ants
  A warg (shapeshifter) (Vaults:2)
  9 water moccasins
  53 nagas
  A two-headed ogre zombie (D:12)
  2 acid dragons (Vaults:2)
  A hydra simulacrum (Lair:2)
  A human skeleton (Depths:1)
  4 hell hounds
  14 porcupines
  3 black bears
  3 sky beasts
  10 swamp drakes
  47 orc warriors
  A phantom (D:10)
  2 necrophages
  An orc zombie (D:12)
  An ettin simulacrum (Depths:1)
  10 ice beasts
  8 boggarts
  25 wolves
  4 eyes of draining
  20 centaurs
  12 crocodiles
  23 ogres
  Blork the orc (D:6)
  4 big kobolds
  32 bullfrogs
  2 gnoll sergeants
  A spiny frog simulacrum (Lair:2)
  A deep troll simulacrum (Vaults:2)
  3 wyvern skeletons
  A scorpion (D:11)
  4 killer bees (D:12)
  A troll zombie (Swamp:1)
  2 troll skeletons (Swamp:1)
  5 wights
  5 electric eels
  9 crimson imps
  A hippogriff simulacrum (Lair:2)
  A quasit (D:12)
  3 bullfrog zombies
  3 centaur zombies
  9 hounds
  26 orc priests
  9 jellies
  5 bullfrog skeletons
  6 iguanas
  33 orc wizards
  9 worker ants
  A killer bee zombie (D:5)
  2 hound zombies
  A hound skeleton (D:9)
  A worker ant zombie (D:8)
  12 gnolls
  17 adders
  2 crocodile simulacra (Lair:2)
  2 hound simulacra (D:10)
  3 shadow imps
  A worker ant simulacrum (D:10)
  An ufetubus (D:10)
  7 oozes
  An adder skeleton (D:5)
  3 worms
  3 dart slugs
  6 leopard geckos
  108 orcs
  6 bats
  3 giant cockroaches
  11 goblins
  11 hobgoblins
  3 jackals (D:6)
  7 quokkas
  5 ball pythons
  7 frilled lizards
  35 kobolds
  2 leopard gecko skeletons (D:7)
  2 rats (D:2)
  5 fungi
  7 plants
1914 creatures vanquished.

Vanquished Creatures (collateral kills)
  A crocodile (Lair:4)
1 creature vanquished.

Vanquished Creatures (others)
  A tengu reaver (Depths:4)
  An ice dragon (Depths:2)
  A black mamba (Snake:2)
  A rime drake (Lair:2)
  A water moccasin (Lair:2)
  A wolf (IceCv)
  19 fungi
  50 plants
75 creatures vanquished.

Grand Total: 1990 creatures vanquished

Notes
Turn   | Place    | Note
-------+----------+-------------------------------------------
     0 | D:1      | Flugkiller the Kobold Venom Mage began the quest for the Orb.
     0 | D:1      | Reached XP level 1. HP: 10/10 MP: 3/3
   230 | D:1      | Reached XP level 2. HP: 15/15 MP: 3/5
   277 | D:1      | Learned a level 2 spell: Poisonous Vapours
   501 | D:1      | Found a shattered altar of Ashenzari.
   507 | D:1      | Became a worshipper of Ashenzari the Shackled
   792 | D:1      | Reached XP level 3. HP: 19/19 MP: 6/6
   960 | D:2      | Reached skill level 1 in Short Blades
  1047 | D:2      | Reached skill level 1 in Air Magic
  1047 | D:2      | Reached XP level 4. HP: 24/24 MP: 8/8
  1307 | D:2      | Reached skill level 3 in Spellcasting
  1353 | D:2      | Reached XP level 5. HP: 28/28 MP: 9/9
  1975 | D:2      | Reached skill level 6 in Spellcasting
  1975 | D:2      | Reached XP level 6. HP: 32/32 MP: 15/15
  1980 | D:2      | Learned a level 3 spell: Mephitic Cloud
  1985 | D:2      | Learned a level 4 spell: Olgreb's Toxic Radiance
  2424 | D:3      | Reached XP level 7. HP: 25/37 MP: 11/17
  2826 | D:3      | Reached * piety under Ashenzari
  3234 | D:3      | Found an iron altar of Okawaru.
  3593 | D:4      | Reached skill level 1 in Fighting
  4149 | D:4      | Found a sparkling altar of Nemelex Xobeh.
  4402 | D:5      | Entered Level 5 of the Dungeon
  4440 | D:5      | Found Nithre Rats's Assorted Antiques.
  4446 | D:5      | Bought a scroll labeled CUUTOVV NYIHI for 24 gold pieces
  4446 | D:5      | Bought a scroll labeled CUCIUD MARPHIPREDD for 24 gold pieces
  4587 | D:5      | Reached skill level 7 in Spellcasting
  4710 | D:5      | Learned a level 5 spell: Venom Bolt
  4799 | D:5      | Reached XP level 8. HP: 44/44 MP: 18/18
  4896 | D:5      | Found a staircase to the Ecumenical Temple.
  5472 | D:5      | Found Uruw's Assorted Antiques.
  5756 | D:5      | Found a burning altar of Makhleb.
  5801 | D:5      | Found Ogotum's Antique Weapon Shop.
  6733 | D:6      | Reached XP level 9. HP: 33/50 MP: 10/19
  6917 | D:6      | Noticed Blork the orc
  6919 | D:6      | Killed Blork the orc
  6919 | D:6      | Reached skill level 10 in Short Blades
  7248 | D:7      | Noticed a hippogriff
  7268 | D:6      | Killed a hippogriff
  7416 | D:7      | Noticed a hippogriff
  7468 | D:7      | Noticed a hornet
  7472 | D:7      | Reached skill level 1 in Armour
  7478 | D:7      | Killed a hornet
  7870 | D:7      | Killed a hippogriff
  7870 | D:7      | Reached skill level 5 in Dodging
  8627 | D:7      | Got the cursed pair of boots "Zafiytt" {*Corrode rC+ Dex+2 Stlth+}
  8635 | D:7      | Reached ** piety under Ashenzari
  9112 | D:8      | Found a blossoming altar of Fedhas.
  9112 | D:8      | Noticed a hippogriff
  9127 | D:8      | Killed a hippogriff
  9127 | D:8      | Reached XP level 10. HP: 55/58 MP: 2/20
 10103 | D:8      | Found Gion's Distillery.
 10165 | D:8      | Reached skill level 5 in Fighting
 10263 | D:8      | Noticed Prince Ribbit
 10281 | D:8      | Killed Prince Ribbit
 10541 | D:8      | Killed an unseen horror
 10931 | D:8      | Found a staircase to the Lair.
 11429 | D:9      | Noticed Grum
 11443 | D:9      | Found an ornate altar of the Wu Jian Council.
 11443 | D:9      | Found a staircase to the Orcish Mines.
 11862 | D:9      | Killed Grum
 12123 | D:9      | Reached XP level 11. HP: 41/64 MP: 21/21
 12137 | D:9      | Found a roughly hewn altar of Beogh.
 12845 | D:9      | Noticed a two-headed ogre
 12851 | D:9      | Killed a two-headed ogre
 12962 | D:9      | Found a sparkling altar of Nemelex Xobeh.
 12999 | D:9      | Found a deep blue altar of Sif Muna.
 13277 | Orc:1    | Entered Level 1 of the Orcish Mines
 13523 | Orc:1    | Noticed an orc high priest
 13527 | Orc:1    | Killed an orc high priest
 14078 | Orc:1    | Found a roughly hewn altar of Beogh.
 14430 | Orc:2    | Entered Level 2 of the Orcish Mines
 14430 | Orc:2    | Noticed a cyclops
 14545 | Orc:2    | Noticed a stone giant
 15370 | Orc:2    | Noticed an orc sorcerer
 15537 | Orc:2    | Killed an orc sorcerer
 15537 | Orc:2    | Reached skill level 5 in Armour
 15724 | Orc:1    | Killed a cyclops
 15921 | Orc:1    | Killed a stone giant
 15921 | Orc:1    | Reached XP level 12. HP: 14/72 MP: 2/22
 16668 | Orc:2    | Found a staircase to the Elven Halls.
 16708 | Orc:2    | Noticed an orc high priest
 16829 | Orc:2    | Killed an orc high priest
 17513 | Orc:2    | Reached skill level 10 in Dodging
 17567 | Orc:2    | Noticed an orc high priest
 18111 | Orc:2    | Noticed an orc high priest
 18137 | Orc:2    | Killed an orc high priest
 18243 | Orc:2    | Killed an orc high priest
 18429 | Orc:2    | Found Qeuge's Armour Emporium.
 18432 | Orc:2    | Found Gimahazo's Antique Armour Boutique.
 18439 | Orc:2    | Found Nailab's Antique Weapon Boutique.
 18441 | Orc:2    | Found Liwat's Antique Weapon Emporium.
 18946 | Lair:1   | Entered Level 1 of the Lair of Beasts
 19225 | Lair:1   | Reached XP level 13. HP: 73/81 MP: 19/23
 19345 | Lair:1   | Reached *** piety under Ashenzari
 19669 | Lair:1   | Reached skill level 10 in Fighting
 20558 | Lair:2   | Found a staircase to the Swamp.
 20589 | Lair:2   | Found a runed gate.
 20589 | Lair:2   | Found a runed gate.
 20601 | Lair:2   | Found a runed gate.
 20757 | Lair:2   | Identified Sif Muna's Tome of the Mountains
 20786 | Lair:2   | Noticed a five-headed hydra
 21058 | Lair:2   | Noticed Naurics's ghost (journeyman HuSk)
 21058 | Lair:2   | Noticed an ice dragon
 21059 | Lair:2   | Identified the ring of Vufeadai {Fire *Slow +Blink Int+2}
 21437 | Lair:2   | Killed a five-headed hydra
 21437 | Lair:2   | Reached skill level 1 in Evocations
 21544 | Lair:3   | Found a staircase to the Snake Pit.
 21550 | Lair:3   | Noticed a four-headed hydra
 21751 | Lair:3   | Reached **** piety under Ashenzari
 24440 | Lair:4   | Learned a level 5 spell: Borgnjor's Vile Clutch
 24748 | Lair:4   | Reached skill level 1 in Necromancy
 24748 | Lair:4   | Reached skill level 1 in Earth Magic
 24909 | Lair:4   | Noticed Urug
 24930 | Lair:4   | Killed Urug
 25017 | Lair:4   | Noticed a seven-headed hydra
 25817 | Lair:3   | Killed a four-headed hydra
 26581 | Lair:4   | Killed a seven-headed hydra
 26720 | Lair:5   | Reached XP level 14. HP: 89/89 MP: 24/24
 27387 | Lair:5   | Reached skill level 5 in Earth Magic
 27537 | Lair:5   | Reached skill level 5 in Necromancy
 28362 | Lair:6   | Entered Level 6 of the Lair of Beasts
 28362 | Lair:6   | Found a hazy altar of Hepliaklqana.
 28811 | Lair:5   | Reached skill level 8 in Spellcasting
 29664 | Lair:6   | Reached skill level 9 in Spellcasting
 30112 | Lair:6   | Learned a level 3 spell: Stone Arrow
 30850 | Lair:6   | Learned a level 2 spell: Blink
 30875 | Lair:6   | Found a runed door.
 30875 | Lair:6   | Found a viscous altar of Jiyva.
 30875 | Lair:6   | Found a staircase to the Slime Pits.
 30875 | Lair:6   | Noticed an azure jelly
 30875 | Lair:6   | Noticed an azure jelly
 30875 | Lair:6   | Noticed an azure jelly
 30924 | Lair:6   | Reached skill level 10 in Spellcasting
 30924 | Lair:6   | Reached XP level 15. HP: 94/94 MP: 16/29
 31392 | D:10     | Entered Level 10 of the Dungeon
 31404 | D:10     | Found a portal to a secret trove of treasure.
 31421 | D:10     | Reached skill level 1 in Translocations
 32012 | D:10     | Noticed Fannar
 32018 | D:10     | Killed Fannar
 32541 | D:11     | Reached ***** piety under Ashenzari
 32543 | D:11     | Found a frozen archway.
 32550 | D:11     | Reached skill level 10 in Armour
 32557 | IceCv    | Entered an ice cave
 33220 | IceCv    | Reached skill level 1 in Crossbows
 34308 | IceCv    | Noticed a frost giant
 34323 | IceCv    | Killed a frost giant
 34472 | IceCv    | Identified the Volume of Ice
 34823 | D:11     | Learned a level 6 spell: Poison Arrow
 35003 | D:11     | Found Emopp's Distillery.
 35390 | D:11     | Found Boxucef's Elemental Accessories.
 36670 | D:12     | Found a transporter.
 36672 | D:12     | Identified the amulet "Wase" {RegenMP rPois Str+6}
 36689 | D:12     | Found a transporter.
 37131 | D:13     | Found a gate to the Vaults.
 37357 | D:13     | Identified the +7 falchion "Caanyn" {flame, rPois Str-3 Int+3}
 37719 | D:13     | Noticed a frost giant
 37734 | D:13     | Killed a frost giant
 37734 | D:13     | Reached XP level 16. HP: 101/101 MP: 10/30
 38704 | D:14     | Reached skill level 5 in Crossbows
 39198 | D:14     | Noticed Kirke
 39209 | D:14     | Killed Kirke
 39436 | D:15     | Entered Level 15 of the Dungeon
 39453 | D:15     | Found Mocwim's Book Boutique.
 39473 | D:15     | Found Lenid's Assorted Antiques.
 39590 | D:15     | Bought a slimy golden ring for 85 gold pieces
 39590 | D:15     | Identified the ring "Oleojadgh" {Ice MP+9 Int-3 Dex+6 Stlth-} (You bought it in a shop on level 15 of the Dungeon)
 39590 | D:15     | Bought a scroll of identify for 34 gold pieces
 39637 | D:15     | Found Wufoschue's Weapon Shoppe.
 39852 | D:15     | Found Tuegon's Armour Boutique.
 39857 | D:15     | Noticed Roxanne
 40279 | D:15     | Killed Roxanne
 40282 | D:15     | Identified Roxanne's Reference Book on Stones (You took it off Roxanne on level 15 of the Dungeon)
 40497 | D:15     | Found Ejoinun's Weapon Shop.
 40949 | D:15     | Found a staircase to the Depths.
 41488 | D:15     | Reached ****** piety under Ashenzari
 42396 | D:5      | Bought a brightly glowing platinum ring for 170 gold pieces
 42396 | D:5      | Identified the ring "Zifoemem" {rPois MR- Dex+6} (You bought it in a shop on level 5 of the Dungeon)
 42575 | D:12     | Identified the +4 hat of the Moon Troll {Stlth+}
 42620 | D:12     | Identified the +4 hat of the Moon Troll {Stlth+}
 42948 | Swamp:1  | Entered Level 1 of the Swamp
 43962 | Swamp:1  | Reached skill level 11 in Spellcasting
 45058 | Swamp:2  | Reached XP level 17. HP: 108/108 MP: 25/32
 46301 | Swamp:3  | Noticed a tentacled monstrosity
 46519 | Swamp:3  | Reached skill level 10 in Crossbows
 46647 | Swamp:3  | Killed a tentacled monstrosity
 46795 | Swamp:3  | Found a transporter.
 46796 | Swamp:3  | Identified the ring of Summertime {rF+ MP+9 Dex+3}
 46798 | Swamp:3  | Identified the +2 lajatang "Houna" {antimagic, MR+ Dex+7}
 46798 | Swamp:3  | Identified the ring "Padghiga" {Ice rElec Dex+5}
 46798 | Swamp:3  | Identified the ring of the Solstice {+Blink rC+ MR+++ Dex-3 Stlth-}
 47086 | Swamp:3  | Found a transporter.
 47137 | Swamp:3  | Reached skill level 12 in Spellcasting
 47894 | Swamp:4  | Entered Level 4 of the Swamp
 48487 | Swamp:4  | Reached skill level 13 in Spellcasting
 48582 | Swamp:4  | Noticed a thorn hunter
 48748 | Swamp:4  | Noticed a thorn hunter
 48756 | Swamp:4  | Killed a thorn hunter
 48893 | Swamp:4  | Killed a thorn hunter
 49007 | Swamp:4  | Identified a scroll of acquirement
 49361 | Swamp:4  | Noticed the 27-headed Lernaean hydra
 49370 | Swamp:4  | Killed the 27-headed Lernaean hydra
 49408 | Swamp:4  | Reached XP level 18. HP: 115/115 MP: 9/35
 49788 | Swamp:4  | Got a decaying rune of Zot
 50212 | Lair:2   | Killed Naurics's ghost
 50354 | Snake:1  | Entered Level 1 of the Snake Pit
 53809 | Snake:3  | Noticed Azrael
 54795 | Snake:3  | Killed Azrael
 55130 | Snake:3  | Reached skill level 14 in Spellcasting
 55441 | Snake:3  | Noticed Vashnia
 55476 | Snake:3  | Killed Vashnia
 55805 | Snake:4  | Entered Level 4 of the Snake Pit
 55815 | Snake:3  | Reached XP level 19. HP: 122/122 MP: 30/37
 55857 | Snake:4  | Found Fucolyics's Book Boutique.
 55956 | Snake:4  | Noticed Louise
 55962 | Snake:4  | Killed Louise
 57262 | Snake:4  | Reached skill level 15 in Dodging
 57728 | Snake:4  | Reached skill level 15 in Spellcasting
 57742 | Snake:4  | Reached skill level 15 in Fighting
 58123 | Snake:4  | Got a serpentine rune of Zot
 59039 | Vaults:1 | Entered Level 1 of the Vaults
 59187 | Vaults:1 | Noticed Asterion
 59196 | Vaults:1 | Killed Asterion
 59633 | Vaults:1 | Found Jenont's Book Shop.
 59805 | Vaults:1 | Noticed Luyjis's ghost (master GrGl)
 59806 | Vaults:1 | Found a runed gate.
 59810 | Vaults:1 | Found a runed gate.
 59810 | Vaults:1 | Found a runed gate.
 59957 | Vaults:1 | Reached XP level 20. HP: 99/129 MP: 18/39
 59963 | Vaults:1 | Reached skill level 16 in Spellcasting
 60254 | Vaults:1 | Learned a level 6 spell: Iron Shot
 60866 | Vaults:1 | Found Acsint's Food Shop.
 60867 | Vaults:1 | Found Lylanyog's Magic Scroll Shop.
 60867 | Vaults:1 | Found Jaopud's Magic Scroll Shop.
 60883 | Vaults:1 | Bought a scroll of blinking for 90 gold pieces
 60883 | Vaults:1 | Bought a scroll of magic mapping for 42 gold pieces
 60883 | Vaults:1 | Bought a scroll of teleportation for 36 gold pieces
 60883 | Vaults:1 | Bought a scroll of magic mapping for 42 gold pieces
 60908 | Vaults:1 | Bought a scroll of remove curse for 39 gold pieces
 60908 | Vaults:1 | Bought a scroll of remove curse for 39 gold pieces
 60908 | Vaults:1 | Bought a scroll of remove curse for 39 gold pieces
 60908 | Vaults:1 | Bought a scroll of remove curse for 39 gold pieces
 61334 | Vaults:1 | Identified the +5 morningstar of the Maze {drain, rF++ rC+++ Int-5 Dex-5}
 61734 | Vaults:2 | Reached skill level 10 in Conjurations
 64883 | Vaults:3 | Reached XP level 21. HP: 134/134 MP: 21/41
 65224 | Vaults:3 | Got the uncursed buckler "Murugoz" {rC++ Regen+ Int+3}
 65269 | Vaults:3 | Noticed Mennas
 65523 | Depths:1 | Entered Level 1 of the Depths
 65781 | Depths:1 | Noticed Saint Roka
 66381 | D:15     | Killed Saint Roka
 67718 | Depths:1 | Found a gateway to Hell.
 69130 | Depths:2 | Found a one-way gate to the infinite horrors of the Abyss.
 69338 | Depths:2 | Found a transporter.
 69459 | Depths:2 | Found a one-way gate leading to the halls of Pandemonium.
 69742 | Depths:2 | Noticed Nikola
 69750 | Depths:2 | Killed Nikola
 69865 | Depths:2 | Found a runed door.
 69866 | Depths:2 | Identified the +12 morningstar "Gelom" {pain, Fragile rC- rN++ SInv}
 69866 | Depths:2 | Identified the ring "Rodd" {Wiz rF+ rC+ rN+ Int+4}
 69867 | Depths:2 | Noticed a golden dragon
 69868 | Depths:2 | Identified the cursed +1 arbalest of Cowardice {speed, Str+4}
 69977 | Depths:2 | Noticed wont's ghost (veteran FoWr)
 69999 | Depths:2 | Found a transporter.
 70014 | Depths:2 | Reached XP level 22. HP: 135/141 MP: 21/42
 70149 | Depths:2 | Found a runed door.
 70464 | Depths:3 | Noticed a golden dragon
 70476 | Depths:3 | Killed a golden dragon
 71480 | Depths:3 | Gained mutation: Your spells are a little harder to cast, but a little more powerful. [a cacodemon]
 71496 | Depths:3 | Gained mutation: [You are weak. (Str -2)] [a cacodemon]
 71715 | Depths:3 | Identified the cursed +3 hunting sling "Baba" {freeze, rF+ rN+ Str+4}
 71808 | Depths:3 | Identified the cursed +2 hand crossbow "Hiul Soi" {flame, rElec Str+5 Dex-2}
 72779 | Depths:4 | Noticed a golden dragon
 72815 | Depths:4 | Killed a golden dragon
 73151 | Depths:4 | Found a corrupted altar of Lugonu.
 73297 | Depths:4 | Noticed Xtahua
 73303 | Depths:4 | Killed Xtahua
 73530 | Depths:4 | Noticed Sojobo
 74359 | Depths:3 | Killed Sojobo
 74557 | Depths:4 | Identified the +4 demon blade of Zapiom Isinu {freeze, rC- Int+4}
 74896 | Depths:4 | Reached XP level 23. HP: 135/149 MP: 29/43
 75589 | Depths:5 | Entered Level 5 of the Depths
 76302 | Depths:4 | Reached skill level 10 in Earth Magic
 76707 | Depths:5 | Found a gateway to a ziggurat.
 76771 | Depths:5 | Got the cursed pair of gloves "Zuutuice" {rPois rCorr Int-4}
 77530 | Depths:5 | Reached skill level 15 in Armour
 77631 | Depths:5 | Found a gate to the Realm of Zot.
 78684 | Depths:5 | Reached XP level 24. HP: 157/157 MP: 24/43
 79086 | Depths:5 | Identified the cursed +0 ring mail of the Eight Seas {+Fly Int+2 Stlth+}
 79531 | Depths:5 | Identified the cursed +0 pair of gloves "Zuutuice" {rPois rCorr Int-4} (You acquired it on level 5 of the Depths)
 80107 | Slime:1  | Entered Level 1 of the Pits of Slime
 80874 | Slime:4  | Gained mutation: [Armour fits poorly on your strangely shaped body.] [a shining eye]
 80926 | Slime:3  | Lost mutation: [You are weak. (Str -2)] [a shining eye]
 81389 | Slime:4  | Gained mutation: Your body sometimes deteriorates upon taking damage. [a shining eye]
 81391 | Slime:4  | Gained mutation: Scrolls take you a little longer to read. [a shining eye]
 81451 | Slime:5  | Entered Level 5 of the Pits of Slime
 82024 | Slime:5  | Found a viscous altar of Jiyva.
 82027 | Slime:5  | Found the +8 Wrath of Trog {antimagic, *Rage}
 82029 | Slime:5  | Identified the +5 shortbow of Lies {venom, rElec rPois rC+ rN+}
 82030 | Slime:5  | Found the +8 mithril axe "Arga" {speed, MR+}
 82577 | Vaults:1 | Bought a ration for 60 gold pieces
 82577 | Vaults:1 | Bought a ration for 60 gold pieces
 82577 | Vaults:1 | Bought a ration for 60 gold pieces
 82577 | Vaults:1 | Bought a ration for 60 gold pieces
 82577 | Vaults:1 | Bought a ration for 60 gold pieces
 82577 | Vaults:1 | Bought a ration for 60 gold pieces
 82577 | Vaults:1 | Bought a ration for 60 gold pieces
 82577 | Vaults:1 | Bought a ration for 60 gold pieces
 82577 | Vaults:1 | Bought a ration for 60 gold pieces
 83188 | Vaults:3 | Reached skill level 17 in Spellcasting
 83961 | Slime:5  | Noticed the Royal Jelly
 83976 | Slime:5  | Killed the Royal Jelly
 84057 | Slime:5  | Gained mutation: Your body often deteriorates upon taking damage. [a shining eye]
 85047 | Slime:5  | Identified the Disquisition on Boosting Changing
 85078 | Slime:5  | Got a slimy rune of Zot
 85079 | Slime:5  | ARGA lol
 85091 | Slime:5  | Identified Laarrag's Almanac of Ashen Dislocation
 85197 | Slime:4  | Identified the cursed +0 pair of boots "Zafiytt" {*Corrode rC+ Dex+2 Stlth+} (You found it on level 7 of the Dungeon)
 85424 | D:8      | Bought a potion of mutation for 120 gold pieces
 85424 | D:8      | Bought a potion of mutation for 120 gold pieces
 85424 | D:8      | Bought a potion of haste for 150 gold pieces
 85424 | D:8      | Bought a potion of heal wounds for 75 gold pieces
 85509 | D:11     | Bought 2 potions of invisibility for 272 gold pieces
 85509 | D:11     | Bought a potion of haste for 170 gold pieces
 85509 | D:11     | Bought a potion of heal wounds for 85 gold pieces
 85509 | D:11     | Bought a potion of mutation for 136 gold pieces
 85509 | D:11     | Bought a potion of heal wounds for 85 gold pieces
 85509 | D:11     | Bought a potion of mutation for 136 gold pieces
 85798 | Zot:1    | Entered Level 1 of the Realm of Zot
 85889 | Zot:1    | Reached XP level 25. HP: 112/160 MP: 4/44
 87171 | Zot:2    | Identified the +1 hand axe "Grim" {chop, Str+2 Dex-2 SInv Stlth+}
 87311 | Zot:3    | Learned a level 2 spell: Passwall
 87341 | Zot:3    | Learned a level 1 spell: Apportation
 87662 | D:11     | Bought a wand of digging (11) for 450 gold pieces
 88293 | Zot:4    | Noticed an orb of fire
 88311 | Zot:4    | Gained mutation: [You are weak. (Str -2)] [an orb of fire]
 88316 | Zot:4    | Killed an orb of fire
 88845 | Zot:5    | Entered Level 5 of the Realm of Zot
 89815 | Zot:5    | Reached skill level 18 in Spellcasting
 90047 | Zot:5    | Reached XP level 26. HP: 139/169 MP: 26/45
 90402 | Zot:5    | Noticed an ancient lich
 90411 | Zot:5    | Killed an ancient lich
 90495 | Zot:4    | Reached skill level 19 in Spellcasting
 90791 | Zot:4    | Lost mutation: Your spells are a little harder to cast, but a little more powerful. [potion of mutation]
 90791 | Zot:4    | Lost mutation: [You are weak. (Str -2)] [potion of mutation]
 90791 | Zot:4    | Lost mutation: Scrolls take you a little longer to read. [potion of mutation]
 90791 | Zot:4    | Gained mutation: You are clumsy. (Dex -2) [potion of mutation]
 90791 | Zot:4    | Gained mutation: You have a pair of small antennae on your head. [potion of mutation]
 90791 | Zot:4    | Gained mutation: You have sharp toenails. [potion of mutation]
 90791 | Zot:4    | Gained mutation: You have razor-sharp toenails. [potion of mutation]
 90792 | Zot:4    | Lost mutation: You are clumsy. (Dex -2) [potion of mutation]
 90792 | Zot:4    | Lost mutation: Your body often deteriorates upon taking damage. [potion of mutation]
 90792 | Zot:4    | Lost mutation: Your body sometimes deteriorates upon taking damage. [potion of mutation]
 90792 | Zot:4    | Gained mutation: You evolve. [potion of mutation]
 90792 | Zot:4    | Gained mutation: You expend magic power (3 MP) to strengthen your wands. [potion of mutation]
 90793 | Zot:4    | Lost mutation: You expend magic power (3 MP) to strengthen your wands. [potion of mutation]
 90793 | Zot:4    | Lost mutation: [Armour fits poorly on your strangely shaped body.] [potion of mutation]
 90793 | Zot:4    | Gained mutation: You have claws for feet. [potion of mutation]
 90793 | Zot:4    | Gained mutation: You possess an exceptional clarity of mind. [potion of mutation]
 90814 | Zot:5    | Noticed an ancient lich
 90819 | Zot:5    | Killed an ancient lich
 90819 | Zot:5    | Noticed a curse toe
 90855 | Zot:5    | Noticed an ancient lich
 90856 | Zot:5    | Killed a curse toe
 90866 | Zot:5    | Killed an ancient lich
 91876 | Zot:5    | Reached skill level 20 in Spellcasting
 92205 | Zot:5    | Noticed an ancient lich
 92209 | Zot:5    | Killed an ancient lich
 92309 | Zot:5    | Noticed an ancient lich
 92315 | Zot:5    | Killed an ancient lich
 93340 | Zot:5    | Noticed a Killer Klown
 93346 | Zot:5    | Killed a Killer Klown
 93458 | Zot:5    | Reached skill level 21 in Spellcasting
 93586 | Zot:5    | Noticed a Killer Klown
 93590 | Zot:5    | Noticed an orb of fire
 93591 | Zot:5    | Killed a Killer Klown
 93591 | Zot:5    | Reached XP level 27. HP: 174/174 MP: 32/48
 93593 | Zot:5    | Gained mutation: Your mind is acute. (Int +2) [an orb of fire]
 93598 | Zot:5    | Killed an orb of fire
 93698 | Zot:5    | Got the Orb of Zot
 94112 | D:10     | WTF
 94129 | D:9      | Lost mutation: You have a pair of small antennae on your head. [potion of mutation]
 94129 | D:9      | Gained mutation: You have supernaturally acute eyesight. (SInv) [potion of mutation]
 94129 | D:9      | Gained mutation: Your natural rate of healing is unusually fast. [potion of mutation]
 94264 | D:1      | Lost mutation: Your mind is acute. (Int +2) [potion of mutation]
 94264 | D:1      | Lost mutation: You possess an exceptional clarity of mind. [potion of mutation]
 94264 | D:1      | Gained mutation: You have a pair of small antennae on your head. [potion of mutation]
 94284 | D:1      | Noticed Qief the pandemonium lord
 94285 | D:1      | you mother fucker
 94286 | D:1      | Thanks pan lord
 94302 | D:$      | Escaped with the Orb!

Skill      XL: |  1  2  3  4  5  6  7  8  9 10 11 12 13 14 15 16 17 18 19 20 21 22 23 24 25 26 |
---------------+-------------------------------------------------------------------------------+-----
Short Blades   | 1 8 9 10 | 10.0
Conjurations   | 2 6 7 8 9 12 | 12.9
Air Magic      | 1 2 |  2.0
Spellcasting   | 3 6 7 10 11 13 14 15 16 17 18 21 | 21.5
Poison Magic   | 7 8 9 |  9.7
Fighting       | 1 3 4 6 8 9 11 13 14 15 16 17 18 19 | 19.6
Dodging        | 3 4 5 7 9 10 11 12 13 14 15 16 17 18 19 20 | 20.3
Armour         | 2 3 5 6 8 9 10 11 12 13 14 15 16 | 16.5
Evocations     | 3 4 |  4.6
Necromancy     | 3 5 |  5.5
Earth Magic    | 3 5 8 9 10 | 10.7
Translocations | 1 |  1.6
Crossbows      | 4 7 10 | 10.0
Stealth        | |  2.6

Action                   |  1- 3 |  4- 6 |  7- 9 | 10-12 | 13-15 | 16-18 | 19-21 | 22-24 | 25-27 || total
-------------------------+-------+-------+-------+-------+-------+-------+-------+-------+-------++-------
Melee: Short sword       |    10 |    16 |       |       |       |       |       |       |       ||    26
       Dagger            |       |     2 |   456 |   412 |   841 |    99 |       |       |       ||  1810
       Staff             |       |       |       |       |       |    64 |    36 |   261 |    26 ||   387
Throw: Throwing net      |       |       |     1 |       |       |       |       |       |       ||     1
 Cast: Sting             |    37 |    25 |    53 |    54 |    33 |     4 |    13 |     1 |       ||   220
       Poisonous Vapours |    10 |    42 |    70 |   129 |    86 |     6 |       |       |       ||   343
       Olgreb's Toxic Ra |       |     2 |    17 |    52 |    55 |    16 |    21 |    19 |     5 ||   187
       Venom Bolt        |       |       |    33 |   113 |   156 |    59 |     7 |    13 |    19 ||   400
       Mephitic Cloud    |       |       |     2 |    15 |       |       |     1 |       |       ||    18
       Borgnjor's Vile C |       |       |       |       |   158 |   297 |   302 |   158 |    32 ||   947
       Stone Arrow       |       |       |       |       |    33 |   338 |   287 |     3 |     1 ||   662
       Poison Arrow      |       |       |       |       |       |   106 |    60 |    76 |    72 ||   314
       Blink             |       |       |       |       |       |     5 |     2 |    14 |     5 ||    26
       Iron Shot         |       |       |       |       |       |       |   105 |   359 |   181 ||   645
       Passwall          |       |       |       |       |       |       |       |       |     3 ||     3
Invok: Curse Item        |       |       |     1 |       |     4 |     5 |     3 |     3 |       ||    16
       Scrying           |       |       |       |       |       |     1 |       |       |     4 ||     5
Evoke: Wand              |       |       |     4 |     1 |    15 |     4 |     2 |     3 |     6 ||    35
       Lamp of fire      |       |       |       |       |       |       |     2 |     4 |       ||     6
       Phial of floods   |       |       |       |       |       |       |     1 |     2 |       ||     3
  Use: Scroll            |       |     3 |     9 |     3 |    15 |     9 |     9 |     6 |     7 ||    61
       Potion            |       |     1 |     1 |       |     3 |       |     2 |     5 |    14 ||    26
 Stab: Sleeping          |       |       |     1 |     5 |       |       |       |       |       ||     6
       Distracted        |       |       |     1 |       |       |       |       |       |       ||     1
  Eat: Chunk             |     9 |     7 |    28 |    75 |   132 |   127 |    93 |   113 |    31 ||   615
       Ration            |       |       |       |     1 |       |    13 |    11 |    31 |     6 ||    62
Armor: Robe              |     5 |     6 |    29 |    24 |       |       |       |       |       ||    64
       Skin              |       |       |    17 |       |       |       |       |       |       ||    17
       Leather armour    |       |       |       |    16 |     3 |       |       |       |       ||    19
       Scale mail        |       |       |       |    15 |    19 |    24 |    15 |       |       ||    73
       Steam dragon scal |       |       |       |       |   111 |    76 |       |       |       ||   187
       Fire dragon scale |       |       |       |       |       |       |   112 |   213 |    45 ||   370
Dodge: Dodged            |    21 |    21 |   248 |   314 |   831 |   588 |   451 |   806 |   211 ||  3491
       Deflected         |       |       |       |       |     8 |    60 |    87 |    67 |    11 ||   233
